 Dungeon Crawl Stone Soup version 0.29.0-4-gdea44cf6ec (webtiles) character file.

Game seed: 17091912551920149374

518 qw the Ruffian (level 7, -1/49 (66) HPs)
             Began as a Troll Cinder Acolyte on Sept 1, 2022.
             Was a Priest of Ignis.
             Slain by Edmund
             ... wielding a +2 dire flail of draining
              (5 damage)
             ... on level 5 of the Dungeon.
             The game lasted 00:02:05 (3134 turns).

qw the Ruffian (Troll Cinder Acolyte)               Turns: 3134, Time: 00:02:06

HP:   -1/49 (66)    AC: 14    Str: 25    XL:     7   Next: 1%
MP:   16/16         EV:  9    Int: 10    God:    Ignis [***...]
Gold: 114           SH:  0    Dex:  7    Spells: 8/8 levels left

rFire   + + .      SeeInvis .     - Unarmed
rCold   . . .      Faith    .   (no shield)
rNeg    . . .      Spirit   .   a - +0 robe
rPois   .          Reflect  .   (helmet restricted)
rElec   .          Harm     .   f - +0 cloak
rCorr   .          Rampage  .   (gloves unavailable)
Will    +....                   (boots unavailable)
Stlth   +.........              (no amulet)
HPRegen 0.96/turn               k - ring of the Good {rF+ Will+ MP+9 Dex+2}
MPRegen 0.15/turn               (no ring)

@: about to teleport, fiery-armoured, very heavily drained
A: large, unfitting armour, claws 3, regeneration 1, shaggy fur 1, tough skin 1,
iridescent scales 1, sturdy frame 1
a: Renounce Religion, Fiery Armour, Foxfire Swarm, Rising Flame


You were on level 5 of the Dungeon.
You worshipped Ignis.
Ignis was most pleased with you.
You visited 1 branch of the dungeon, and saw 5 of its levels.

You collected 114 gold pieces.


Innate Abilities, Weirdness & Mutations

You are too large for most types of armour.
You have claws for hands.
Your natural rate of healing is unusually fast.
You are covered in fur. (AC +1)
You have tough skin. (AC +1)
You are partially covered in iridescent scales. (AC +2)
Your movements are slightly less encumbered by armour. (ER -2)


   Skills:
 - Level 2.4 Fighting
 - Level 1.5 Throwing
 - Level 1.1 Dodging
 + Level 7.5 Unarmed Combat
 - Level 1.0 Spellcasting
 - Level 2.1 Fire Magic


You had 8 spell levels left.
You didn't know any spells.
Your spell library contained the following spells:

 Spells                   Type           Power      Damage    Failure   Level
 Scorch                   Fire           8%         2d5       22%         2

Inventory:

Armour
 a - a +0 robe (worn)
 f - a +0 cloak (worn)
Jewellery
 k - the ring of the Good (left claw) {rF+ Will+ MP+9 Dex+2}
   (You found it on level 2 of the Dungeon)

   [ring of magical power]

   Dex:       It affects your dexterity (+2).
   rF:        It protects you from fire.
   MP:        It affects your magic capacity (+9).
   Will:      It increases your willpower.
Scrolls
 d - a scroll of enchant weapon
 g - a scroll of identify
 i - a scroll of teleportation
Potions
 b - 3 potions of curing
 c - 4 potions of haste
 e - a potion of might
 h - a potion of mutation
 m - a potion of degeneration {unknown}
 n - a potion of lignification {unknown}

Dungeon Overview and Level Annotations

Branches:
Dungeon (5/15)
 Temple: D:4-7

Altars:

Shops:
D:1 ?

Annotations:
D:5 Edmund


Message History

A protective cloak of flame settles atop you.
Edmund misses you.
You claw Edmund!
Edmund is moderately wounded.
You barely miss Edmund.
Edmund is moderately wounded.
Edmund hits you with a +2 dire flail of draining!
You feel drained.
You feel less attractive to monsters.
You scratch Edmund but do no damage.
Edmund is moderately wounded.
Edmund barely misses you.
You scratch Edmund.
Edmund is moderately wounded.
Edmund hits you but does no damage.
You feel drained.
Edmund is burned by your cloak of flames.
Edmund is heavily wounded.
You scratch Edmund but do no damage. Your claw misses Edmund.
Edmund is heavily wounded.
Edmund hits you with a +2 dire flail of draining.
You feel drained.
You barely miss Edmund.
Edmund is heavily wounded.
Edmund hits you with a +2 dire flail of draining!
You feel drained.
Edmund is burned by your cloak of flames.
Edmund is heavily wounded.
3132 ||| READING 2 scrolls of teleportation.
As you read the scroll of teleportation, it crumbles to dust.
You feel strangely unstable. Edmund barely misses you.
You scratch Edmund but do no damage.
Edmund is heavily wounded.
Edmund hits you with a +2 dire flail of draining.
You feel drained.
Edmund is burned by your cloak of flames.
Edmund is severely wounded.
You scratch Edmund.
Edmund is severely wounded.
Edmund hits you with a +2 dire flail of draining.
You die...

#########
........#
........#
........#
........#
........#####
#.@...<#
#@###### #.
#. #. #. #.
#.


You could see Edmund.

Vanquished Creatures
  A howler monkey (D:4)
  A jelly (D:4)
  2 hounds
  4 orc priests
  Terence (D:2)
  2 orc wizards (D:4)
  Robin (D:3)
  2 adders
  2 ufetubi
  2 worms
  2 dart slugs
  17 orcs
  13 ball pythons
  4 endoplasms
  18 giant cockroaches
  13 goblins
  5 hobgoblins
  8 jackals
  5 quokkas
  4 bats
  2 frilled lizards
  9 kobolds
  5 rats
123 creatures vanquished.

Notes
Turn   | Place    | Note
-------+----------+-------------------------------------------
     0 | D:1      | qw the Troll Cinder Acolyte began the quest for the Orb.
     0 | D:1      | Reached XP level 1. HP: 22/22 MP: 1/1
     0 | D:1      | 0 ||| qw: Version: 0.1-a-97-g2dd2ca4
     0 | D:1      | 0 ||| qw: Game counter: 4899
     0 | D:1      | 0 ||| qw: Always use a shield: true
     0 | D:1      | 0 ||| qw: God list: Okawaru
     0 | D:1      | 0 ||| qw: Allow faded altars: false
     0 | D:1      | 0 ||| qw: Do Orc after D:15 true
     0 | D:1      | 0 ||| qw: Do second Lair branch before Depths: true
     0 | D:1      | 0 ||| qw: Lair rune preference: random
     0 | D:1      | 0 ||| qw: Plans: Normal
     0 | D:1      | 0 ||| PLANNING D:1-11
   117 | D:1      | 117 ||| Stepping ~*~*~tactically~*~*~ (outnumbered).
   121 | D:1      | Reached XP level 2. HP: 29/29 MP: 2/2
   302 | D:1      | 302 ||| Stepping ~*~*~tactically~*~*~ (outnumbered).
   380 | D:1      | Found Cis Quis's Magic Scroll Shop.
   384 | D:1      | 384 ||| SHOPLISTING scroll of enchant weapon (82 gold, have
                  | 0).
   384 | D:1      | 384 ||| SHOPLISTING scroll of identify (22 gold, have 0).
   384 | D:1      | 384 ||| SHOPLISTING scroll of teleportation (33 gold, have
                  | 0).
   415 | D:1      | Reached skill level 4 in Unarmed Combat
   423 | D:1      | 423 ||| Stepping ~*~*~tactically~*~*~ (stealth).
   427 | D:1      | 427 ||| Stepping ~*~*~tactically~*~*~ (outnumbered).
   428 | D:1      | 428 ||| Stepping ~*~*~tactically~*~*~ (outnumbered).
   429 | D:1      | 429 ||| Stepping ~*~*~tactically~*~*~ (stealth).
   430 | D:1      | 430 ||| Stepping ~*~*~tactically~*~*~ (outnumbered).
   431 | D:1      | 431 ||| Stepping ~*~*~tactically~*~*~ (outnumbered).
   461 | D:1      | Reached XP level 3. HP: 36/36 MP: 3/3
   856 | D:1      | Found a faded altar of an unknown god.
   871 | D:1      | 871 ||| UPGRADING to +0 cloak.
   876 | D:1      | 876 ||| READING scroll labelled XIRE ULUKHLOYJA.
   877 | D:1      | 877 ||| READING 2 scrolls labelled FYIJAZXIET.
   878 | D:1      | 878 ||| READING 2 scrolls labelled MARONI UT HURR.
   882 | D:1      | 882 ||| READING scroll labelled WUUJYZEILL.
   883 | D:1      | 883 ||| DRINKING 2 orange potions.
   884 | D:1      | 884 ||| DROPPING scroll of immolation.
  1044 | D:2      | 1044 ||| Stepping ~*~*~tactically~*~*~ (stealth).
  1306 | D:2      | Noticed Terence
  1307 | D:2      | 1307 ||| Stepping ~*~*~tactically~*~*~ (stealth).
  1310 | D:2      | 1310 ||| Stepping ~*~*~tactically~*~*~ (stealth).
  1312 | D:2      | 1312 ||| Stepping ~*~*~tactically~*~*~ (stealth).
  1313 | D:2      | 1313 ||| Stepping ~*~*~tactically~*~*~ (stealth).
  1318 | D:2      | 1318 ||| Stepping ~*~*~tactically~*~*~ (outnumbered).
  1332 | D:2      | 1332 ||| INVOKING Fiery Armour.
  1337 | D:2      | Killed Terence
  1338 | D:2      | Reached skill level 5 in Unarmed Combat
  1338 | D:2      | Reached XP level 4. HP: 20/44 MP: 4/4
  1412 | D:2      | Identified the ring of the Good {rF+ Will+ MP+9 Dex+2}
  1477 | D:2      | 1477 ||| UPGRADING to ring of the Good {rF+ Will+ MP+9
                  | Dex+2}.
  1547 | D:2      | 1547 ||| READING scroll labelled TUKKYXZATHAN.
  1548 | D:2      | 1548 ||| READING scroll labelled JUOVOC ATIK.
  1682 | D:3      | Reached XP level 5. HP: 50/50 MP: 5/5
  1686 | D:3      | 1686 ||| Stepping ~*~*~tactically~*~*~ (outnumbered).
  1687 | D:3      | 1687 ||| Stepping ~*~*~tactically~*~*~ (outnumbered).
  1688 | D:3      | 1688 ||| Stepping ~*~*~tactically~*~*~ (outnumbered).
  1689 | D:3      | 1689 ||| Stepping ~*~*~tactically~*~*~ (outnumbered).
  1690 | D:3      | 1690 ||| Stepping ~*~*~tactically~*~*~ (outnumbered).
  1692 | D:3      | 1692 ||| Stepping ~*~*~tactically~*~*~ (stealth).
  1694 | D:3      | 1694 ||| Stepping ~*~*~tactically~*~*~ (stealth).
  1743 | D:3      | 1743 ||| Stepping ~*~*~tactically~*~*~ (stealth).
  1747 | D:3      | 1747 ||| Stepping ~*~*~tactically~*~*~ (stealth).
  1754 | D:3      | 1754 ||| INVOKING Fiery Armour.
  1760 | D:3      | 1760 ||| Stepping ~*~*~tactically~*~*~ (outnumbered).
  1992 | D:3      | 1992 ||| Stepping ~*~*~tactically~*~*~ (hiding).
  1994 | D:3      | 1994 ||| INVOKING Fiery Armour.
  1998 | D:3      | Reached skill level 1 in Throwing
  2001 | D:3      | 2001 ||| Stepping ~*~*~tactically~*~*~ (outnumbered).
  2002 | D:3      | Reached skill level 6 in Unarmed Combat
  2002 | D:3      | 2002 ||| Stepping ~*~*~tactically~*~*~ (outnumbered).
  2003 | D:3      | 2003 ||| Stepping ~*~*~tactically~*~*~ (outnumbered).
  2004 | D:3      | 2004 ||| Stepping ~*~*~tactically~*~*~ (outnumbered).
  2005 | D:3      | 2005 ||| Stepping ~*~*~tactically~*~*~ (outnumbered).
  2006 | D:3      | 2006 ||| Stepping ~*~*~tactically~*~*~ (outnumbered).
  2009 | D:3      | 2009 ||| Stepping ~*~*~tactically~*~*~ (outnumbered).
  2010 | D:3      | 2010 ||| Stepping ~*~*~tactically~*~*~ (outnumbered).
  2011 | D:3      | 2011 ||| Stepping ~*~*~tactically~*~*~ (outnumbered).
  2012 | D:3      | 2012 ||| Stepping ~*~*~tactically~*~*~ (outnumbered).
  2024 | D:3      | Reached XP level 6. HP: 58/59 MP: 6/6
  2126 | D:3      | 2126 ||| INVOKING Fiery Armour.
  2126 | D:3      | Noticed Robin
  2130 | D:3      | 2130 ||| Stepping ~*~*~tactically~*~*~ (outnumbered).
  2131 | D:3      | 2131 ||| Stepping ~*~*~tactically~*~*~ (outnumbered).
  2132 | D:3      | 2132 ||| Stepping ~*~*~tactically~*~*~ (outnumbered).
  2133 | D:3      | 2133 ||| Stepping ~*~*~tactically~*~*~ (outnumbered).
  2137 | D:3      | Killed Robin
  2138 | D:3      | 2138 ||| Stepping ~*~*~tactically~*~*~ (outnumbered).
  2139 | D:3      | 2139 ||| Stepping ~*~*~tactically~*~*~ (outnumbered).
  2141 | D:3      | 2141 ||| Stepping ~*~*~tactically~*~*~ (outnumbered).
  2142 | D:3      | 2142 ||| Stepping ~*~*~tactically~*~*~ (outnumbered).
  2143 | D:3      | 2143 ||| Stepping ~*~*~tactically~*~*~ (outnumbered).
  2546 | D:3      | 2546 ||| READING scroll labelled JUSKYN JEOGG.
  2547 | D:3      | 2547 ||| READING scroll labelled PEQATY WATHRA.
  2548 | D:3      | 2548 ||| DRINKING 2 clear potions.
  2549 | D:3      | 2549 ||| DRINKING 2 fuming white potions.
  2549 | D:3      | Gained mutation: You are partially covered in iridescent
                  | scales. (AC +2) [potion of mutation]
  2549 | D:3      | Gained mutation: Your movements are slightly less
                  | encumbered by armour. (ER -2) [potion of mutation]
  2792 | D:4      | 2792 ||| Stepping ~*~*~tactically~*~*~ (hiding).
  2800 | D:4      | 2800 ||| Stepping ~*~*~tactically~*~*~ (stealth).
  2801 | D:4      | 2801 ||| FLEEEEING.
  2802 | D:4      | 2802 ||| FLEEEEING.
  2838 | D:4      | 2838 ||| Stepping ~*~*~tactically~*~*~ (stealth).
  2839 | D:4      | 2839 ||| Stepping ~*~*~tactically~*~*~ (stealth).
  2840 | D:4      | 2840 ||| Stepping ~*~*~tactically~*~*~ (hiding).
  2850 | D:4      | 2850 ||| Stepping ~*~*~tactically~*~*~ (outnumbered).
  2852 | D:4      | Reached skill level 7 in Unarmed Combat
  2858 | D:4      | Reached skill level 1 in Dodging
  2859 | D:4      | 2859 ||| Stepping ~*~*~tactically~*~*~ (stealth).
  2864 | D:4      | 2864 ||| Stepping ~*~*~tactically~*~*~ (stealth).
  2866 | D:4      | 2866 ||| Stepping ~*~*~tactically~*~*~ (stealth).
  2867 | D:4      | 2867 ||| Stepping ~*~*~tactically~*~*~ (stealth).
  2868 | D:4      | 2868 ||| Stepping ~*~*~tactically~*~*~ (stealth).
  2869 | D:4      | 2869 ||| Stepping ~*~*~tactically~*~*~ (stealth).
  2870 | D:4      | 2870 ||| Stepping ~*~*~tactically~*~*~ (stealth).
  2871 | D:4      | 2871 ||| Stepping ~*~*~tactically~*~*~ (stealth).
  2992 | D:4      | 2992 ||| Stepping ~*~*~tactically~*~*~ (stealth).
  2998 | D:4      | 2998 ||| Stepping ~*~*~tactically~*~*~ (stealth).
  2999 | D:4      | 2999 ||| Stepping ~*~*~tactically~*~*~ (stealth).
  3000 | D:4      | 3000 ||| Stepping ~*~*~tactically~*~*~ (stealth).
  3006 | D:4      | 3006 ||| Stepping ~*~*~tactically~*~*~ (outnumbered).
  3007 | D:4      | 3007 ||| Stepping ~*~*~tactically~*~*~ (outnumbered).
  3008 | D:4      | 3008 ||| Stepping ~*~*~tactically~*~*~ (outnumbered).
  3009 | D:4      | 3009 ||| Stepping ~*~*~tactically~*~*~ (outnumbered).
  3010 | D:4      | 3010 ||| Stepping ~*~*~tactically~*~*~ (outnumbered).
  3011 | D:4      | 3011 ||| Stepping ~*~*~tactically~*~*~ (outnumbered).
  3041 | D:4      | 3041 ||| Stepping ~*~*~tactically~*~*~ (stealth).
  3054 | D:4      | 3054 ||| Stepping ~*~*~tactically~*~*~ (hiding).
  3071 | D:4      | Reached XP level 7. HP: 65/66 MP: 7/7
  3097 | D:4      | 3097 ||| READING scroll labelled XOSOBL ZOXURI.
  3098 | D:4      | 3098 ||| READING scroll labelled POECUL CEMOK.
  3099 | D:4      | 3099 ||| DRINKING 2 glowing cyan potions.
  3100 | D:4      | 3100 ||| DROPPING potion of attraction.
  3111 | D:5      | Entered Level 5 of the Dungeon
  3118 | D:5      | Noticed Edmund
  3125 | D:5      | 3125 ||| INVOKING Fiery Armour.
  3131 | D:5      | HP: 5/53 [Edmund/+2 dire flail of draining (12)]
  3132 | D:5      | 3132 ||| READING 2 scrolls of teleportation.
  3134 | D:5      | Slain by Edmund

Levels and vault maps discovered:
D:1:      onia_arrival_mini_spirals, layout_basic,
          shapermc_ecumenical_altar_acropolis, serial_shops, shop_fountains,
          minmay_hexomino_c4
D:2:      layout_basic, uniq_terence
D:3:      minmay_roachtagon, layout_basic, kennysheep_another_room, uniq_robin
D:4:      layout_basic, patterned_corridor
D:5:      layout_basic, gammafunk_ghost_mausoleum, uniq_edmund

Skill      XL: |  1  2  3  4  5  6 |
---------------+-------------------+-----
Unarmed Combat | 4 5 6 7 |  7.5
Throwing       | 1 |  1.5
Dodging        | 1 |  1.1
Fighting       | |  2.4
Spellcasting   | |  1.0
Fire Magic     | |  2.1

Action                   |  1- 3 |  4- 6 |  7- 9 || total
-------------------------+-------+-------+-------++-------
Melee: Unarmed           |   124 |   139 |    16 ||   279
       Punch             |     1 |     1 |       ||     2
Throw: Javelin           |       |    21 |       ||    21
Invok: Fiery Armour      |     1 |     3 |     1 ||     5
  Use: Scroll            |     4 |     4 |     3 ||    11
       Potion            |     1 |     2 |     1 ||     4
Armor: Robe              |    38 |    59 |     4 ||   101
Dodge: Dodged            |    47 |    57 |     6 ||   110

Table legend:
 A = Non-vault XP
 B = Vault XP
 C = Vault XP percentage of total XP
 D = Non-vault monster count
 E = Vault monster count
 F = Vault count percentage of total count
                 A         B        C        D         E       F
            +---------+---------+-------+---------+---------+-------
      Total |     636 |     105 |  14.2 |      94 |      29 |  23.6
            +---------+---------+-------+---------+---------+-------
        D:1 |      38 |      10 |  20.8 |      22 |       6 |  21.4
        D:2 |      49 |      38 |  43.7 |      19 |       1 |   5.0
        D:3 |     231 |      57 |  19.8 |      28 |      22 |  44.0
        D:4 |     310 |       0 |   0.0 |      24 |       0 |   0.0
        D:5 |       8 |       0 |   0.0 |       1 |       0 |   0.0
            +---------+---------+-------+---------+---------+-------
